 Dungeon Crawl Stone Soup version 0.29.1-15-g9cfb28693d (webtiles) character file.

Game seed: 304969830396879203

2174 leafyfresh the Covert (level 9, -6/64 HPs)
             Began as an Octopode Delver on Mar 5, 2023.
             Mangled by a killer bee (8 damage)
             ... on level 7 of the Dungeon.
             The game lasted 00:07:16 (7498 turns).

leafyfresh the Covert (Octopode Delver)             Turns: 7498, Time: 00:07:17

Health: -6/64      AC:  1    Str: 18    XL:     9   Next: 32%
Magic:  9/9        EV: 16    Int: 22    God:
Gold:   345        SH:  0    Dex: 13    Spells: 8/8 levels left

rFire   . . .      SeeInvis .   q - +9 hand axe of Gigonic {flame, *Corrode rElec rC+ Str+6}
rCold   + + .      Faith    .   (no shield)
rNeg    + . .      Spirit   .   (helmet restricted)
rPois   .          Reflect  .   (no amulet)
rElec   +          Harm     .   E - ring of wizardry
rCorr   .          Rampage  .   x - ring of protection from cold
Will    .....                   d - +6 ring of intelligence
Stlth   ++++++....              I - ring of positive energy
HPRegen 0.20/turn               (no ring)
MPRegen 0.11/turn               (no ring)
                                (no ring)
                                (no ring)

@: lethally poisoned (-6 -> -11), flying
A: almost no armour, amphibious, 8 rings, camouflage 1, gelatinous body 1,
(nimble swimmer 1), tentacles
a: no special abilities


You were on level 7 of the Dungeon.
You visited 1 branch of the dungeon, and saw 8 of its levels.

You collected 345 gold pieces.

Inventory:

Hand Weapons
 a - a +0 short sword
 q - the +9 hand axe of Gigonic (weapon) {flame, *Corrode rElec rC+ Str+6}
   (You found it on level 3 of the Dungeon)

   It burns those it strikes, dealing additional fire damage.
   Big, fiery blades are also staple armaments of hydra-hunters.
   Str:       It affects your strength (+6).
   rC:        It protects you from cold.
   rElec:     It insulates you from electricity.
   *Corrode:  It may corrode you when you take damage.
Missiles
 w - a throwing net (quivered)
Jewellery
 d - a +6 ring of intelligence (on tentacle)
 x - a ring of protection from cold (right tentacle)
 E - a ring of wizardry (left tentacle)
 F - a ring of ice
 I - a ring of positive energy (on tentacle)
Wands
 f - a wand of digging (3)
 o - a wand of light (9)
 r - a wand of polymorph (10)
 G - a wand of iceblast (12)
Scrolls
 b - a scroll of fog
 i - 2 scrolls of enchant weapon {unknown}
 m - 5 scrolls of noise {unknown}
 n - 6 scrolls of teleportation {unknown}
 s - 2 scrolls of enchant armour {unknown}
 t - a scroll of amnesia {unknown}
 u - 4 scrolls of identify {unknown}
 v - a scroll of poison {unknown}
 y - 4 scrolls of blinking {unknown}
 z - 3 scrolls of vulnerability {unknown}
 B - 2 scrolls of butterflies {unknown}
 C - 3 scrolls of magic mapping
Potions
 c - 2 potions of degeneration {unknown}
 e - 3 potions of haste
 g - 3 potions of flight
 h - 3 potions of curing {unknown}
 j - 2 potions of lignification {unknown}
 k - a potion of invisibility {unknown}
 l - a potion of cancellation {unknown}
 p - 2 potions of brilliance {unknown}
 A - 3 potions of heal wounds {unknown}
 D - 2 potions of mutation {unknown}
 H - a potion of berserk rage {unknown}
 J - a potion of attraction {unknown}


   Skills:
 + Level 7.5 Fighting
 - Level 2.6 Short Blades
 + Level 7.1 Dodging
 + Level 11.7 Stealth


You had 8 spell levels left.
You didn't know any spells.
Your spell library contained the following spells:

 Spells                   Type           Power      Damage    Failure   Level
 Inner Flame              Hex/Fire       0%         N/A       21%         3
 Cause Fear               Hex            0%         N/A       52%         4
 Discord                  Hex            0%         N/A       100%        8


Dungeon Overview and Level Annotations

Branches:
Dungeon (8/15)             Temple (0/1) D:7
   Lair: D:8-11

Altars:
Uskayaw

Shops:
D:1 (?==*   D:2 !   D:3 [


Innate Abilities, Weirdness & Mutations

You cannot wear most types of armour.
You are amphibious.
You can wear up to eight rings at the same time.
Your skin changes colour to match your surroundings (Stealth+).
Your rubbery body absorbs attacks. (AC +1, EV +1)
((You are camouflaged when in or above water. (Stealth+)))
You have tentacles for arms and can constrict up to eight enemies at once.


Message History

You hit the centaur. You burn the centaur.
The centaur is almost dead.
The centaur hits you with a +0 hand axe.
The centaur closely misses you.
A kobold comes into view. It is wielding a +0 dagger.
The kobold shouts!
You slash the centaur! You burn the centaur.
You kill the centaur!
Unknown command.
The kobold hits you with a +0 dagger.
Items here: $ ( )).
You slash the kobold! You burn the kobold.
You kill the kobold!
A killer bee comes into view.
You see here a +0 dagger.
The killer bee buzzes angrily.
You hear an angry buzzing noise. x2
A killer bee comes into view.
The killer bee attacks as you move away!
The killer bee completely misses you.
A killer bee comes into view.
The killer bee stings you.
You are poisoned.
The killer bee poisons you!
A killer bee comes into view.
You see here a +0 dagger.
You feel very sick. The killer bee stings you.
* * * LOW HITPOINT WARNING * * *
Items here: $ ( )).
You closely miss the killer bee. Your grab misses the killer bee.
Your squeeze misses the killer bee.
You feel sick. The killer bee barely misses you. The killer bee stings you!
* * * LOW HITPOINT WARNING * * *
The killer bee barely misses you.
It was a potion of flight.
You feel very buoyant.
You fly up into the air.
* * * LOW HITPOINT WARNING * * *
You feel sick. The killer bee closely misses you. The killer bee stings you!
You die...

.. .. ..#..
... ... #.#
#.y####.###.#
#.....yy....#
##.####y#####
#.####@###
#..)))...#
######.#.#
#.#.# #.#.#
#.#.# #.#.##
#....# ###..#


You could see 3 killer bees.

Vanquished Creatures
  Grinder (D:6)
  Eustachio (D:4)
  2 steam dragons
  A water moccasin (D:6)
  2 black bears (D:6)
  A centaur (D:7)
  An ogre (D:6)
  A kobold brigand (D:7)
  A bullfrog (D:4)
  A necrophage (D:5)
  3 scorpions
  4 wights (D:7)
  4 jellies
  2 hounds
  3 orc priests
  4 iguanas
  A mummy (D:5)
  2 gnolls (D:7)
  6 adders
  2 ufetubi
  A worm (D:2)
  A dart slug (D:1)
  18 orcs
  8 endoplasms
  6 giant cockroaches
  5 goblins
  4 hobgoblins
  10 jackals
  4 quokkas
  5 ball pythons
  4 bats
  4 frilled lizards
  13 kobolds
  13 rats
139 creatures vanquished.

Notes
Turn   | Place    | Note
-------+----------+-------------------------------------------
     0 | D:5      | leafyfresh the Octopode Delver began the quest for the Orb.
     0 | D:5      | Reached XP level 1. HP: 16/16 MP: 1/1
    13 | D:5      | Noticed an orc priest
    34 | D:4      | Noticed a bullfrog
    38 | D:4      | Killed a bullfrog
    39 | D:4      | Reached skill level 7 in Stealth
    39 | D:4      | Reached XP level 2. HP: 21/21 MP: 2/2
    39 | D:4      | Reached XP level 3. HP: 26/26 MP: 3/3
    39 | D:4      | Reached XP level 4. HP: 31/31 MP: 4/4
   396 | D:4      | Noticed a scorpion
   403 | D:4      | Killed a scorpion
   404 | D:4      | Reached XP level 5. HP: 37/37 MP: 5/5
   906 | D:4      | Noticed Eustachio
   913 | D:4      | Killed Eustachio
   914 | D:4      | Reached skill level 8 in Stealth
   914 | D:4      | Reached XP level 6. HP: 44/44 MP: 6/6
  1332 | D:3      | Identified the +9 hand axe of Gigonic {flame, *Corrode
                  | rElec rC+ Str+6}
  1474 | D:3      | Found Waris's Armour Shop.
  1824 | D:2      | Found Xoev's Distillery.
  2259 | D:1      | Found Varicisy's Jewellery Emporium.
  2299 | D:1      | Found Kesec's Assorted Antiques.
  2366 | D:1      | Found Zebudan's Jewellery Boutique.
  2387 | D:1      | Found Voer's Magic Scroll Boutique.
  2395 | D:1      | Found Jeahouqa's Weapon Emporium.
  2714 | D:1      | Found a faded altar of an unknown god.
  2887 | D:5      | Reached XP level 7. HP: 29/49 MP: 7/7
  3030 | D:5      | Reached skill level 5 in Fighting
  3283 | D:5      | Reached skill level 9 in Stealth
  4391 | D:5      | Reached skill level 5 in Dodging
  4523 | D:6      | Reached XP level 8. HP: 30/57 MP: 8/8
  5196 | D:6      | Reached skill level 10 in Stealth
  5455 | D:6      | Found a hide-covered altar of Uskayaw.
  5520 | D:6      | Noticed Grinder
  5526 | D:6      | Killed Grinder
  5725 | D:6      | Reached skill level 11 in Stealth
  6178 | D:7      | Reached XP level 9. HP: 58/64 MP: 9/9
  7453 | D:7      | Found a staircase to the Ecumenical Temple.
  7497 | D:7      | HP: 3/64 [killer bee (7)]
  7498 | D:7      | Mangled by a killer bee

Illustrated notes

Levels and vault maps discovered:
D:1:      saegor_arrival_simple_a, layout_rooms,
          chequers_ecumenical_altar_grove, serial_shops,
          nicolae_shop_bloodbath_and_beyond, shop, nicolae_shop_window_shopping,
          nicolae_shop_overgrown_old_shop, nicolae_diamond_shop
D:2:      layout_rooms, serial_shops, shop
D:3:      layout_basic, serial_shops, nicolae_diamond_shop,
          minmay_misc_feat_enclosed
D:4:      layout_loops_ring, uniq_eustachio
D:5:      layout_loops_ring, gup_ossuary_entry_pyramid
D:6:      layout_basic, eat_drink_and_be_merry_uskayaw, portal_sewer_entry_e,
          uniq_grinder
D:7:      layout_loops_ring, minmay_temple_entry_trees, serial_shops,
          nicolae_shop_waterfront
D:8:      layout_basic, mainiacjoe_overflow_alcove_1,
          mainiacjoe_overflow_brackets, enter_bailey_5

Skill      XL: |  1  2  3  4  5  6  7  8  9 |
---------------+----------------------------+-----
Stealth        | 7 8 9 11 | 11.7
Dodging        | 3 4 5 6 7 |  7.1
Fighting       | 4 5 7 |  7.5
Short Blades   | |  2.6

Action                   |  1- 3 |  4- 6 |  7- 9 || total
-------------------------+-------+-------+-------++-------
Melee: Short sword       |     1 |    38 |       ||    39
       Constrict         |     1 |    22 |    25 ||    48
       Tentacles         |       |    13 |    19 ||    32
       Punch             |       |     2 |     1 ||     3
       Hand axe          |       |    64 |   120 ||   184
  Use: Scroll            |     1 |       |     1 ||     2
       Potion            |       |       |     1 ||     1
 Stab: Sleeping          |     1 |    33 |    17 ||    51
       Distracted        |       |       |     1 ||     1
Armor: Skin              |       |     1 |     5 ||     6
Dodge: Dodged            |       |    38 |   107 ||   145
